 Dungeon Crawl Stone Soup version 0.28-a0-983-g1de4e0787c (webtiles) character file.

Game seed: 3485335254398333573

912 Decritt the Grasshopper (level 8, -5/63 HPs)
             Began as a Gnoll Warper on Dec 3, 2021.
             Was an Initiate of Cheibriados.
             Killed by divine providence
             ... invoked by an orc priest
              (14 damage)
             ... on level 6 of the Dungeon.
             The game lasted 00:18:33 (7345 turns).

Decritt the Grasshopper (Gnoll Warper)              Turns: 7345, Time: 00:18:34

Health: -5/63      AC:  5    Str: 11    XL:     8   Next: 9%
Magic:  0/16       EV: 13    Int: 29    God:    Cheibriados [......]
Gold:   183        SH:  4    Dex: 12    Spells: 12/18 levels left

rFire   . . .      SeeInvis .   a - +0 broad axe
rCold   . . .      Faith    .   D - +0 buckler
rNeg    . . .      Spirit   +   b - +0 leather armour
rPois   .          Reflect  .   (no helmet)
rElec   .          Harm     .   (no cloak)
rCorr   .          Rampage  .   h - +1 pair of gloves
Will    .....                   (no boots)
Stlth   ++........              j - amulet of guardian spirit
HPRegen 0.20/turn               u - +6 ring of intelligence
MPRegen 0.15/turn               m - +6 ring of intelligence

@: on blink cooldown, very slow
A: fangs 1, strong nose, distributed training
a: Renounce Religion


You were on level 6 of the Dungeon.
You worshipped Cheibriados.
Cheibriados was noncommittal.
You visited 2 branches of the dungeon, and saw 7 of its levels.

You collected 183 gold pieces.

Inventory:

Hand Weapons
 a - a +0 broad axe (weapon)
Missiles
 f - 13 boomerangs (quivered)
 x - 13 arrows
 y - 36 sling bullets
 B - 13 bolts
Armour
 b - a +0 leather armour (worn)
 h - a +1 pair of gloves (worn)
 v - a +0 chain mail
 D - a +0 buckler (worn)
Magical Staves
 z - a staff of fire
Jewellery
 d - an amulet of magic regeneration
 i - a ring of protection from fire
 j - an amulet of guardian spirit (around neck)
 m - a +6 ring of intelligence (right hand)
 u - a +6 ring of intelligence (left hand)
Wands
 p - a wand of iceblast (3)
 w - a wand of mindburst (19)
Scrolls
 e - 2 scrolls of summoning
 q - a scroll of fear {unknown}
 s - 2 scrolls of noise {unknown}
Potions
 c - a potion of brilliance
 k - 3 potions of ambrosia
 l - a potion of lignification {unknown}
 n - 2 potions of degeneration {unknown}
 o - a potion of mutation
 r - a potion of haste {unknown}
 C - a potion of cancellation {unknown}


   Skills:
 + Level 5.5 Fighting
 + Level 2.9 Short Blades
 + Level 2.9 Long Blades
 + Level 5.5 Axes
 + Level 2.9 Maces & Flails
 + Level 2.9 Polearms
 + Level 2.9 Staves
 + Level 2.9 Slings
 + Level 2.9 Bows
 + Level 2.9 Crossbows
 + Level 4.0 Throwing
 + Level 4.0 Armour
 + Level 5.5 Dodging
 + Level 2.9 Stealth
 + Level 2.9 Shields
 + Level 2.9 Unarmed Combat
 + Level 5.8 Spellcasting
 + Level 2.3 Conjurations
 + Level 2.3 Hexes
 + Level 2.3 Summonings
 + Level 2.3 Necromancy
 + Level 6.0 Translocations
 + Level 2.3 Transmutations
 + Level 2.3 Fire Magic
 + Level 2.3 Ice Magic
 + Level 2.3 Air Magic
 + Level 2.3 Earth Magic
 + Level 2.3 Poison Magic
 + Level 3.2 Invocations
 + Level 2.9 Evocations


You had 12 spell levels left.
You knew the following spells:

 Your Spells              Type           Power      Damage    Failure   Level
a - Magic Dart            Conj           88%        1d7       3%          1
b - Teleport Other        Tloc           43%        N/A       1%          3
c - Blink                 Tloc           86%        N/A       1%          2

Your spell library contained the following spells:

 Spells                   Type           Power      Damage    Failure   Level
 Gell's Gravitas          Tloc           43%        N/A       1%          3
 Lesser Beckoning         Tloc           43%        N/A       1%          3
 Summon Small Mammal      Summ           88%        N/A       3%          1
 Call Imp                 Summ           22%        N/A       4%          2
 Call Canine Familiar     Summ           22%        N/A       10%         3
 Conjure Flame            Conj/Fire      22%        6-21      10%         3
 Ignite Poison            Fire/Tmut/Pois 22%        N/A       10%         3
 Mephitic Cloud           Conj/Pois/Air  22%        N/A       10%         3
 Summon Guardian Golem    Hex/Summ       22%        N/A       10%         3
 Manifold Assault         Tloc           43%        N/A       19%         5
 Sticky Flame             Conj/Fire      22%        2d4       30%         4


Dungeon Overview and Level Annotations

Branches:
Dungeon (6/15)             Temple (1/1) D:4

Altars:
Ashenzari
Cheibriados
Dithmenos
Elyvilon
Fedhas
Gozag
Hepliaklqana
Kikubaaqudgha
Makhleb
Nemelex Xobeh
Okawaru
Qazlal
Ru
Sif Muna
Trog
Vehumet
Wu Jian
Xom
Yredelemnul
Zin
The Shining One

Shops:
D:6 *


Innate Abilities, Weirdness & Mutations

You have very sharp teeth.
Your uncanny sense of smell can sniff out nearby items.
Your experience applies equally to all skills.


Message History

* * * LOW HITPOINT WARNING * * *
The orc hits you with a +2 dagger of venom.
* * * LOW HITPOINT WARNING * * *
You feel sick.
You feel sick. The orc barely misses you.
You feel sick.
You feel sick.
The orc priest calls upon Beogh to heal the orc.
The orc's wounds heal themselves!
You feel sick.
You feel sick. The orc barely misses you. The orc closely misses you.
You feel sick.
You are no longer poisoned.
The orc hits you with a +2 dagger of venom.
* * * LOW HITPOINT WARNING * * *
The orc priest miscasts a cantrip.
The orc hits you from afar with a +0 trident.
* * * LOW HITPOINT WARNING * * *
The orc hits you but does no damage.
You are poisoned.
You feel very sick.
The orc priest mumbles some strange prayers to Beogh against you.
Beogh smites you!
* * * LOW HITPOINT WARNING * * *
You feel better.
The orc hits you from afar with a +0 trident.
* * * LOW HITPOINT WARNING * * *
The orc barely misses you.
The orc priest calls down the wrath of Beogh upon you.
Beogh smites you!
* * * LOW HITPOINT WARNING * * *
The orc barely misses you.
Unknown command.
Okay, then.
Casting: Magic Dart (safe; 3% risk of failure)
Confirm with . or Enter, or press ? or * to list all spells.
You blink.
The orc priest invokes the aid of Beogh against you.
Beogh smites you!
You die...

...##...###### . ...####.# #.
.#....#.# #.. .####...## #.(. .#
###..### #.... .# #.....#
####).... ## #.###.#### ##....# .
######.###.o.o##########..##...#
...........§.o..@...........^.##
.####..#######......#.#####......
###.## ######....####.##### .
#...# ##....##........
#.#.#########....#########.##.
#.....##......## #. #.###..#....#
#. .. ##......# . #.....## ∆


You could see an orc priest and 2 orcs.

Vanquished Creatures
  An ice beast (D:5)
  A centaur (D:4)
  2 phantoms (D:4)
  A scorpion (D:6)
  2 water moccasin skeletons (D:5)
  2 jellies
  A centaur skeleton (D:5)
  An orc priest (D:4)
  A bullfrog skeleton (D:4)
  3 orc wizards
  3 iguanas
  A howler monkey skeleton (D:5)
  2 adders
  An ufetubus (D:5)
  An adder zombie (D:5)
  2 worms
  2 dart slugs
  6 orcs
  3 bats
  7 endoplasms
  A giant cockroach (D:2)
  15 hobgoblins
  5 kobolds
  7 quokkas
  7 ball pythons
  3 frilled lizards (D:1)
  7 goblins
  2 rats (D:2)
90 creatures vanquished.

Vanquished Creatures (others)
  A human (D:3)
1 creature vanquished.

Grand Total: 91 creatures vanquished

Notes
Turn   | Place    | Note
-------+----------+-------------------------------------------
     0 | D:1      | Decritt the Gnoll Warper began the quest for the Orb.
     0 | D:1      | Reached XP level 1. HP: 20/20 MP: 6/6
   231 | D:1      | Reached XP level 2. HP: 10/26 MP: 7/7
   938 | D:1      | Learned a level 2 spell: Blink
   964 | D:1      | Reached XP level 3. HP: 31/31 MP: 9/9
  1018 | D:1      | Reached skill level 5 in Spellcasting
  1667 | D:2      | Reached skill level 1 in Invocations
  1910 | D:2      | Found a glowing golden altar of the Shining One.
  2462 | D:2      | Reached skill level 1 in Short Blades
  2462 | D:2      | Reached skill level 1 in Long Blades
  2462 | D:2      | Reached skill level 1 in Maces & Flails
  2462 | D:2      | Reached skill level 1 in Polearms
  2462 | D:2      | Reached skill level 1 in Staves
  2462 | D:2      | Reached skill level 1 in Slings
  2462 | D:2      | Reached skill level 1 in Bows
  2462 | D:2      | Reached skill level 1 in Crossbows
  2462 | D:2      | Reached skill level 1 in Stealth
  2462 | D:2      | Reached skill level 1 in Shields
  2462 | D:2      | Reached skill level 1 in Unarmed Combat
  2462 | D:2      | Reached skill level 1 in Evocations
  2462 | D:2      | Reached XP level 4. HP: 33/38 MP: 11/11
  3003 | D:3      | Found an ancient bone altar of Kikubaaqudgha.
  3004 | D:3      | Noticed a human
  3011 | D:3      | Killed a human
  3349 | D:3      | Reached skill level 1 in Conjurations
  3349 | D:3      | Reached skill level 1 in Hexes
  3349 | D:3      | Reached skill level 1 in Summonings
  3349 | D:3      | Reached skill level 1 in Necromancy
  3349 | D:3      | Reached skill level 1 in Transmutations
  3349 | D:3      | Reached skill level 1 in Fire Magic
  3349 | D:3      | Reached skill level 1 in Ice Magic
  3349 | D:3      | Reached skill level 1 in Air Magic
  3349 | D:3      | Reached skill level 1 in Earth Magic
  3349 | D:3      | Reached skill level 1 in Poison Magic
  3594 | D:4      | Reached XP level 5. HP: 23/43 MP: 5/12
  4079 | D:4      | Reached XP level 6. HP: 50/50 MP: 13/13
  4213 | D:4      | Reached skill level 5 in Fighting
  4213 | D:4      | Reached skill level 5 in Axes
  4213 | D:4      | Reached skill level 5 in Dodging
  4231 | D:4      | Found a staircase to the Ecumenical Temple.
  4280 | Temple   | Entered the Ecumenical Temple
  4432 | Temple   | Became a worshipper of Cheibriados the Contemplative
  5543 | D:5      | Entered Level 5 of the Dungeon
  5570 | D:5      | Noticed an ice beast
  5608 | D:4      | Reached XP level 7. HP: 6/56 MP: 0/15
  6502 | D:5      | Learned a level 3 spell: Teleport Other
  6504 | D:5      | Learned a level 1 spell: Magic Dart
  7207 | D:6      | Reached skill level 6 in Translocations
  7207 | D:6      | Reached XP level 8. HP: 63/63 MP: 16/16
  7283 | D:6      | Found Nuleofr Vigh's Sacrilege Store.
  7345 | D:6      | Killed from afar by an orc priest

Illustrated notes

Levels and vault maps discovered:
D:1:      giann_horns, layout_loops_ring, minmay_pentomino_t2
D:2:      layout_basic, basic_altar, chequers_serial_rivers_small_a
D:3:      layout_rooms, tgw_kikubaaqudgha, chequers_jeans
D:4:      layout_basic, minmay_temple_entry_tees, minmay_hedge_maze
D:5:      layout_loops_ring
D:6:      layout_rooms, nicolae_evil_shop
Temple:   mainiacjoe_temple_big_plus

Skill      XL: |  1  2  3  4  5  6  7  8 |
---------------+-------------------------+-----
Spellcasting   | 5 |  5.8
Invocations    | 1 2 3 |  3.2
Short Blades   | 1 2 |  2.9
Long Blades    | 1 2 |  2.9
Maces & Flails | 1 2 |  2.9
Polearms       | 1 2 |  2.9
Staves         | 1 2 |  2.9
Slings         | 1 2 |  2.9
Bows           | 1 2 |  2.9
Crossbows      | 1 2 |  2.9
Stealth        | 1 2 |  2.9
Shields        | 1 2 |  2.9
Unarmed Combat | 1 2 |  2.9
Evocations     | 1 2 |  2.9
Conjurations   | 1 2 |  2.3
Hexes          | 1 2 |  2.3
Summonings     | 1 2 |  2.3
Necromancy     | 1 2 |  2.3
Transmutations | 1 2 |  2.3
Fire Magic     | 1 2 |  2.3
Ice Magic      | 1 2 |  2.3
Air Magic      | 1 2 |  2.3
Earth Magic    | 1 2 |  2.3
Poison Magic   | 1 2 |  2.3
Throwing       | 3 4 |  4.0
Armour         | 3 4 |  4.0
Fighting       | 5 |  5.5
Axes           | 5 |  5.5
Dodging        | 5 |  5.5
Translocations | 6 |  6.0

Action                   |  1- 3 |  4- 6 |  7- 9 || total
-------------------------+-------+-------+-------++-------
Melee: Hand axe          |   131 |    64 |       ||   195
       Bite              |    10 |    10 |     1 ||    21
       Whip              |       |    22 |       ||    22
       Trident           |       |    59 |    38 ||    97
       Punch             |       |     1 |       ||     1
       Dagger            |       |       |    14 ||    14
       Broad axe         |       |       |     9 ||     9
Throw: Boomerang         |     5 |    33 |    19 ||    57
 Cast: Blink             |     2 |     2 |     1 ||     5
       Magic Dart        |       |       |    16 ||    16
  Use: Scroll            |     4 |     3 |     1 ||     8
       Potion            |       |       |     1 ||     1
Armor: Leather armour    |    36 |    21 |    16 ||    73
       Chain mail        |       |    27 |    10 ||    37
Dodge: Dodged            |    99 |    65 |    45 ||   209
Block: Buckler           |       |       |     3 ||     3

Table legend: (Time is in decaauts)
 A = Elapsed time spent in this place.
 B = Non-inter-level travel time spent in this place.
 C = Inter-level travel time spent in this place.
 D = Time resting spent in this place.
 E = Time spent auto-exploring this place.
 F = Levels seen in this place.
 G = Mean time per level.
                   A        B        C        D        E       F      G
               +--------+--------+--------+--------+--------+-----+--------+
         Total |   7862 |   7596 |    266 |   2540 |   3843 |   7 | 1123.1 |
       Dungeon |   7323 |   7090 |    233 |   2540 |   3355 |   6 | 1220.5 |
        Temple |    539 |    507 |     32 |      0 |    487 |   1 |  539.0 |
               +--------+--------+--------+--------+--------+-----+--------+

Top non-repeatable levels by time:
     D:4: 1862 daAuts
     D:5: 1530 daAuts
     D:1: 1436 daAuts
     D:2: 1383 daAuts
     D:3: 867 daAuts
  Temple: 539 daAuts
     D:6: 243 daAuts
